 Dungeon Crawl Stone Soup version 0.30.0-15-g856e2d3f33 (webtiles) character file.

Game seed: 5649554899891680710

166 thromnambular the Grave Robber (level 5, -10/38 HPs)
             Began as a Demonspawn Necromancer on May 19, 2023.
             Mangled by Menkaure (20 damage)
             ... on level 3 of the Dungeon.
             The game lasted 00:07:40 (2929 turns).

thromnambular the Grave Robber (DsNe)               Turns: 2929, Time: 00:07:40

Health: -10/38     AC:  5    Str:  5    XL:     5   Next: 22%
Magic:  8/8        EV: 12    Int: 18    God:
Gold:   152        SH:  0    Dex: 13    Spells: 0/8 levels left

rFire   . . .        j - staff of death "Wozyschow" {rElec rN+ Will++ rCorr Str-4}
rCold   . . .        (no shield)
rNeg    + . .        a - +0 robe
rPois   .            (no helmet)
rElec   +            i - +0 cloak
rCorr   +            (no gloves)
SInv    .            (no boots)
Will    ++...        (no amulet)
Stlth   ++           (no ring)
HPRegen 0.26/turn    (no ring)
MPRegen 0.11/turn

%: no passive effects
@: about to teleport
A: slimy green scales 1, weakness stinger 2
a: no special abilities


You were on level 3 of the Dungeon.
You visited 1 branch of the dungeon, and saw 4 of its levels.

You collected 152 gold pieces.

Inventory:

Hand Weapons
 c - a +1 whip
Armour
 a - a +0 robe (worn)
 i - a +0 cloak (worn)
Magical Staves
 j - the staff of death "Wozyschow" (weapon) {rElec rN+ Will++ rCorr Str-4}
   (You found it on level 2 of the Dungeon)

   [staff of death]

   Base accuracy: +5 Base damage: 5 Base attack delay: 1.2 This weapon's minimum
   attack delay (0.6) is reached at skill level 12.
   Str:       It affects your strength (-4).
   rElec:     It insulates you from electricity.
   rN:        It protects you from negative energy.
   rCorr:     It protects you from acid and corrosion.
   Will:      It greatly increases your willpower.
   It falls into the 'Staves' category.
   It is a one-handed weapon.
Scrolls
 k - a scroll of enchant armour {unknown}
 m - a scroll of brand weapon {unknown}
Potions
 e - a potion of lignification {unknown}
 l - a potion of invisibility {unknown}


   Skills:
 + Level 1.7 Fighting
 + Level 1.1 Staves
 + Level 1.9 Dodging
 - Level 1.8 Stealth
 + Level 2.0 Spellcasting
 - Level 6.1 Necromancy
 - Level 1.5 Evocations


You couldn't memorise any spells.
You knew the following spells:

 Your Spells              Type           Power      Damage    Failure   Level
a - Necrotise             Necr           100%       1d9       1%          1
b - Vampiric Draining     Necr           35%        2d8       4%          3
c - Animate Dead          Necr           35%        N/A       14%         4

Your spell library contained the following spells:

 Spells                   Type           Power      Damage    Failure   Level
 Ensorcelled Hibernation  Hex/Ice        2%         N/A       26%         2
 Agony                    Necr           35%        N/A       38%         5
 Anguish                  Hex/Necr       9%         N/A       45%         4
 Spider Form              Tmut/Pois      1%         N/A       47%         3


Dungeon Overview and Level Annotations

Branches:
Dungeon (4/15)
 Temple: D:4-7

Altars:
Fedhas
Trog
Yredelemnul

Shops:
D:4 (

Annotations:
D:3 1 runed translucent door, Menkaure, Sigmund


Innate Abilities, Weirdness & Mutations

You are partially covered in slimy green scales. (AC +2)
You have a tail ending in a sharp stinger.


Message History

Magic restored.
There is a stone staircase leading down here.
You climb downwards.
Menkaure shouts!
The hobgoblin shouts!
Found a smoky amethyst potion.
Found Zuoriw's Antique Weapon Emporium.
Found a stone staircase leading down.
There is a stone staircase leading up here.
You climb upwards.
Level annotation: 1 runed translucent door, Sigmund
There is a stone staircase leading down here.
You aren't carrying any items that you can evoke.
You hit Menkaure.
Menkaure is lightly damaged.
Menkaure hits you.
You hit Menkaure.
Menkaure is lightly damaged.
Menkaure closely misses you.
You barely miss Menkaure. You tail-slap Menkaure.
Menkaure is moderately damaged.
Menkaure barely misses you.
Okay, then.
Okay, then.
You barely miss Menkaure.
Menkaure is moderately damaged.
Menkaure mumbles some strange words.
Menkaure seems to speed up.
You hit Menkaure.
Menkaure is heavily damaged.
Menkaure closely misses you. Menkaure hits you!!
You feel better.
Menkaure mumbles a few words.
Menkaure barely misses you.
As you read the scroll labelled ZUXYLE HUJYCI, it crumbles to dust.
You feel strangely unstable.
It was a scroll of teleportation.
Menkaure hits you!!
Ouch! That really hurt!
* * * LOW HITPOINT WARNING * * *
Menkaure attacks as you move away! Menkaure hits you!!
Ouch! That really hurt!
You die...

........#.#
♣.≈≈...≈≈.♣.##
........#.##♣.≈.≈≈≈.≈.♣##
.......g#...♣.≈....Z≈.♣
........##..♣..≈≈≈≈≈..♣#
........###..♣♣♣♣♣♣♣♣♣.#
......... #####..#.#.#.#
.≈≈≈≈≈≈≈. #####.#.#.#.#
.....@.≈. ..#(M.#.#.#.#
.###.#.≈.. #.#.#@..#.Z.#
#.#.#.......#
#.#.#####<### #.#.# #.#
≈.#.#...#####.###
.≈.........##....#
≈≈...#####.##..#.# ...#
#.#####.# .. #.#.....#


You could see Menkaure (fast).

Vanquished Creatures
  An orc priest (D:3)
  An orc wizard (D:3)
  6 adders
  3 dart slugs
  3 orcs (D:3)
  3 ball pythons (D:1)
  2 endoplasms (D:1)
  3 giant cockroaches
  A goblin (D:3)
  3 hobgoblins
  3 quokkas (D:1)
  3 bats
  2 frilled lizards
  4 kobolds
  4 rats
42 creatures vanquished.

Vanquished Creatures (collateral kills)
  An adder (D:3)
  A dart slug (D:1)
  A rat (D:1)
3 creatures vanquished.

Grand Total: 45 creatures vanquished

Notes
Turn   | Place    | Note
-------+----------+-------------------------------------------
     0 | D:1      | thromnambular the Demonspawn Necromancer began the quest
                  | for the Orb.
     0 | D:1      | Reached XP level 1. HP: 13/13 MP: 3/3
   535 | D:1      | Gained mutation: You are partially covered in slimy green
                  | scales. (AC +2) [demonic ancestry]
   535 | D:1      | Reached XP level 2. HP: 20/20 MP: 3/5
   989 | D:1      | Reached skill level 1 in Fighting
   989 | D:1      | Reached skill level 5 in Necromancy
  1384 | D:2      | Gained mutation: You have a small tail. [demonic ancestry]
  1384 | D:2      | Reached XP level 3. HP: 26/26 MP: 0/6
  1550 | D:2      | Identified the staff of death "Wozyschow" {rElec rN+ Will++
                  | rCorr Str-4}
  2008 | D:2      | Learned a level 3 spell: Vampiric Draining
  2176 | D:3      | Noticed Sigmund
  2293 | D:3      | Gained mutation: You have a tail ending in a sharp stinger.
                  | [demonic ancestry]
  2293 | D:3      | Reached XP level 4. HP: 30/33 MP: 7/7
  2429 | D:3      | Found a bloodstained altar of Trog.
  2512 | D:3      | Reached skill level 1 in Evocations
  2569 | D:3      | Reached skill level 1 in Staves
  2569 | D:3      | Reached skill level 6 in Necromancy
  2569 | D:3      | Reached XP level 5. HP: 8/38 MP: 0/8
  2685 | D:3      | Noticed a human
  2703 | D:3      | Found a runed translucent door.
  2705 | D:3      | Found a basalt altar of Yredelemnul.
  2782 | D:3      | Found a blossoming altar of Fedhas.
  2788 | D:3      | Learned a level 4 spell: Animate Dead
  2919 | D:4      | Noticed Menkaure
  2919 | D:4      | Found Zuoriw's Antique Weapon Emporium.
  2929 | D:3      | Mangled by Menkaure

Illustrated notes

Levels and vault maps discovered:
D:1:      dpeg_arrival_leaves_temple_mockup, layout_loops_corners,
          minmay_misc_feat_secret_circle, minmay_heptomino_w4
D:2:      layout_loops_corners
D:3:      layout_basic, mainiacjoe_overflow_paths, mainiacjoe_overflow_brackets,
          trog_butcher_becter, dk_yredelemnul_ordeal,
          hellmonk_ecumenical_altar_defaced_shrine, nicolae_half_adder,
          uniq_robin, uniq_sigmund
D:4:      layout_loops_cross, serial_shops, nicolae_square_shop,
          nicolae_diamond_shop, nicolae_stop_n_shop_2,
          nicolae_shop_hallway_stairs, nicolae_diamond_shop,
          uniq_crazy_yiuf_cottage, uniq_duvessa, uniq_menkaure

Skill      XL: |  1  2  3  4 |
---------------+-------------+-----
Fighting       | 1 |  1.7
Necromancy     | 5 6 |  6.1
Evocations     | 1 |  1.5
Staves         | 1 |  1.1
Dodging        | |  1.9
Stealth        | |  1.8
Spellcasting   | |  2.0

Action                     |  1- 3 |  4- 6 || total
---------------------------+-------+-------++-------
  Melee: Unarmed           |     5 |       ||     5
         Whip              |    25 |       ||    25
         Staff             |    15 |    50 ||    65
         Tailslap          |     4 |     4 ||     8
         Punch             |       |     1 ||     1
   Cast: Necrotise         |    54 |    17 ||    71
         Vampiric Draining |       |     3 ||     3
    Use: Scroll            |     2 |     3 ||     5
         Potion            |     1 |     3 ||     4
   Stab: Sleeping          |     5 |     1 ||     6
 Armour: Robe              |    17 |    14 ||    31
  Dodge: Dodged            |    32 |    35 ||    67
